 Dungeon Crawl Stone Soup version 0.22.1-2-g9c5b331383 (webtiles) character file.

2300 Knorr the Cleaver (level 9, -2/79 HPs)
             Began as a Minotaur Berserker on Dec 30, 2018.
             Was a Priest of Trog.
             Slain by a phantom (6 damage)
             ... on level 9 of the Dungeon.
             The game lasted 00:54:39 (4742 turns).

Knorr the Cleaver (Minotaur Berserker)              Turns: 4742, Time: 00:54:39

Health: -2/79      AC:  9    Str: 24    XL:     9   Next: 17%
Magic:  0/8        EV: 12    Int:  4    God:    Trog [***...]
Gold:   229        SH:  0    Dex: 11    Spells: 8/8 levels left

rFire    . . .     SeeInvis .   t - +2 halberd (curse)
rCold    . . .     Gourm    .   (shield currently unavailable)
rNeg     . . .     Faith    .   q - +0 scale mail (curse)
rPois    .         Spirit   +   (helmet restricted)
rElec    .         Reflect  .   n - +0 cloak
rCorr    .         Harm     .   (no gloves)
MR       ++...                  (no boots)
Stlth    ..........             k - amulet of guardian spirit
HPRegen  1.23/turn              (no ring)
MPRegen  0.11/turn              (no ring)

@: berserk cooldown, regenerating, slowed, drained, very slow
A: retaliatory headbutt, horns 2
a: Berserk, Trog's Hand, Renounce Religion


You were on level 9 of the Dungeon.
You worshipped Trog.
Trog was most pleased with you.
You were very hungry.

You visited 1 branch of the dungeon, and saw 9 of its levels.

You collected 229 gold pieces.

Inventory:

Hand Weapons
 a - a +1 hand axe
 o - a +1 shortbow of flaming
 s - a +0 whip of flaming
 t - a cursed +2 halberd (weapon)
Missiles
 b - 12 poisoned needles (quivered)
 d - 125 stones
 f - 8 javelins
 g - 6 needles of confusion
 m - 70 arrows
Armour
 e - a +2 scale mail
 n - a +0 cloak (worn)
 q - a cursed +0 scale mail (worn)
Jewellery
 k - an amulet of guardian spirit (around neck)
Wands
 p - a wand of clouds (3)
Scrolls
 j - a scroll of fear
Potions
 c - 3 potions of flight
 h - 4 potions of curing
Comestibles
 i - 2 rations


   Skills:
 + Level 7.3(7.0) Fighting
 + Level 10.3(9.9) Axes
 + Level 1.0(0.7) Bows
 + Level 1.1(0.8) Throwing
 + Level 7.6(7.2) Armour
 + Level 4.4(4.1) Dodging
 + Level 0.4(0.1) Stealth
 + Level 0.9(0.6) Evocations


You had 8 spell levels left.
You didn't know any spells.
Your spell library was empty.

Dungeon Overview and Level Annotations

Branches:
Dungeon (9/15)             Temple (0/1) D:7
   Lair: D:8-11         Orc: D:9-12

Altars:
The Shining One


Innate Abilities, Weirdness & Mutations

You reflexively headbutt those who attack you in melee.
You have a pair of horns on your head.


Message History

The wraith is moderately damaged.
The phantom closely misses you. You furiously retaliate!
You headbutt the phantom, but do no damage.
The phantom hits you but does no damage.
The wraith hits you.
* * * LOW HITPOINT WARNING * * *
The phantom hits you.
* * * LOW HITPOINT WARNING * * *
The phantom blinks!
The phantom hits you!
* * * LOW HITPOINT WARNING * * *
The wraith hits you!
* * * LOW HITPOINT WARNING * * *
The wraith drains your vigour!
You feel as though you will be slow longer.
You barely miss the wraith. Your headbutt misses the wraith.
The wraith is moderately damaged.
The phantom barely misses you.
The phantom hits you but does no damage.
The wraith hits you but does no damage. The phantom hits you!
You die...

#..........# #..........#
#..........# ##....##...#
#....##...#
........#....# #####
#####...#....#
###.W.####..#...+....#
#.#ZW@W.#.###...#....#
#ZZ###.#.##.....##...#
#.Z...#.#....##...##...#
#.##.##..#######........#
#. #Z.##.... #........#
#. #Z# ..### #........# #
... #.# ######+###


#ZZ .# #.. . You could see 2 phantoms, a wraith, 2 orc zombies, an ogre zombie
and a hobgoblin skeleton.

Vanquished Creatures
  Pikel (D:8)
  5 humans (D:7)
  An orc warrior (D:7)
  3 slaves (D:8)
  An ogre (D:5)
  A centaur (D:6)
  3 bullfrogs
  2 scorpions (D:7)
  A troll zombie (D:9)
  5 wights (D:8)
  A howler monkey (D:4)
  A bullfrog zombie (D:5)
  A crimson imp (D:3)
  A centaur skeleton (D:4)
  An orc wizard (D:4)
  2 iguanas
  2 ogre zombies (D:9)
  2 hound skeletons
  3 adders
  2 shadow imps
  3 worms
  A dart slug (D:1)
  A leopard gecko (D:3)
  6 orcs
  3 ball pythons
  3 giant cockroaches
  6 goblins
  5 hobgoblins
  5 jackals (D:2)
  3 bats
  4 frilled lizards
  A goblin skeleton (D:9)
  A goblin zombie (D:9)
  A hobgoblin skeleton (D:9)
  A hobgoblin zombie (D:9)
  6 kobolds
  An orc zombie (D:9)
  A quokka zombie (D:7)
  3 rats
94 creatures vanquished.

Vanquished Creatures (others)
  A quokka zombie (D:8)
1 creature vanquished.

Grand Total: 95 creatures vanquished

Notes
Turn   | Place    | Note
-------+----------+-------------------------------------------
     0 | D:1      | Knorr the Minotaur Berserker began the quest for the Orb.
     0 | D:1      | Reached XP level 1. HP: 19/19 MP: 0/0
  1754 | D:1      | Reached skill level 4 in Axes
  1754 | D:1      | Reached XP level 2. HP: 20/27 MP: 1/1
  1756 | D:1      | Reached * piety under Trog
  2077 | D:2      | Reached XP level 3. HP: 29/34 MP: 2/2
  2640 | D:3      | Reached XP level 4. HP: 37/41 MP: 3/3
  2672 | D:3      | Reached ** piety under Trog
  3097 | D:4      | Reached skill level 5 in Axes
  3097 | D:4      | Reached XP level 5. HP: 46/47 MP: 4/4
  3243 | D:4      | Found a glowing golden altar of the Shining One.
  3256 | D:4      | Reached skill level 1 in Throwing
  3444 | D:5      | Entered Level 5 of the Dungeon
  3466 | D:5      | Reached XP level 6. HP: 55/55 MP: 5/5
  3482 | D:5      | Reached skill level 5 in Fighting
  3494 | D:5      | Reached skill level 6 in Axes
  3494 | D:5      | Reached skill level 5 in Armour
  3885 | D:6      | Reached XP level 7. HP: 61/61 MP: 4/6
  4004 | D:7      | Noticed a human
  4005 | D:7      | Noticed a human
  4005 | D:7      | Noticed a human
  4007 | D:7      | Noticed a human
  4012 | D:7      | Reached skill level 7 in Axes
  4013 | D:7      | Killed a human
  4024 | D:7      | Killed a human
  4024 | D:7      | Reached skill level 8 in Axes
  4024 | D:7      | Reached XP level 8. HP: 40/70 MP: 5/7
  4326 | D:7      | Found a staircase to the Ecumenical Temple.
  4438 | D:8      | Reached skill level 9 in Axes
  4444 | D:8      | Noticed Pikel
  4455 | D:8      | Killed Pikel
  4455 | D:8      | Reached skill level 1 in Bows
  4455 | D:8      | Reached XP level 9. HP: 79/79 MP: 4/8
  4589 | D:8      | Reached skill level 10 in Axes
  4726 | D:9      | Reached *** piety under Trog
  4741 | D:9      | HP: 1/79 [wraith (8)]
  4742 | D:9      | Slain by a phantom

Skill      XL: |  1  2  3  4  5  6  7  8  9 |
---------------+----------------------------+-----
Axes           | 4 5 6 8 9 10 | 10.3
Fighting       | 4 5 6 7 |  7.3
Armour         | 3 4 5 6 7 |  7.6
Dodging        | 3 4 |  4.4
Throwing       | 1 |  1.1
Bows           | 1 |  1.0
Stealth        | |  0.4
Evocations     | |  0.9

Action                   |  1- 3 |  4- 6 |  7- 9 || total
-------------------------+-------+-------+-------++-------
Melee: Hand axe          |    74 |    73 |    68 ||   215
       Headbutt          |     8 |    11 |    18 ||    37
       Halberd           |       |       |    19 ||    19
       Whip              |       |       |    16 ||    16
 Fire: Shortbow          |       |       |     2 ||     2
Throw: Javelin           |    12 |       |       ||    12
Invok: Berserk           |       |     2 |     4 ||     6
       Trog's Hand       |       |     1 |     2 ||     3
Evoke: Wand              |       |     4 |     3 ||     7
  Use: Scroll            |     4 |     4 |     2 ||    10
       Potion            |     3 |     2 |       ||     5
  Eat: Ration            |     1 |     1 |       ||     2
       Chunk             |     2 |     1 |     7 ||    10
Armor: Scale mail        |    58 |    27 |    45 ||   130
Dodge: Dodged            |    73 |    54 |    76 ||   203
